 Dungeon Crawl Stone Soup version 0.30-a0-359-gd0147acb1a (webtiles) character file.

Game seed: 11301423476188534868

3094 Maxmaps the Carver (level 10, 0/70 HPs)
             Began as a Formicid Fighter on Nov 11, 2022.
             Was a Follower of the Shining One.
             Slain by a bullfrog (1 damage)
             ... on level 8 of the Dungeon.
             The game lasted 00:05:53 (5374 turns).

Maxmaps the Carver (Formicid Fighter)               Turns: 5374, Time: 00:05:54

Health: 0/70       AC:  8    Str: 22    XL:     10   Next: 13%
Magic:  10/10      EV:  9    Int: 11    God:    the Shining One [*.....]
Gold:   470        SH:  9    Dex: 19    Spells: 9/9 levels left

rFire   . . .      SeeInvis +    E - +3 scimitar (flame)
rCold   . . .      Faith    .    o - +3 buckler {rPois}
rNeg    . . .      Spirit   .    b - +0 scale mail
rPois   +          Reflect  .    (helmet unavailable)
rElec   .          Harm     .    (no cloak)
rCorr   .          Rampage  .    (no gloves)
Will    +....                    h - +0 pair of boots
Stlth   ..........               w - amulet of regeneration
HPRegen 1.11/turn                k - +4 ring of slaying
MPRegen 0.12/turn                l - +6 ring of dexterity

@: glowing
A: permanent stasis, dig shafts and tunnels, antennae 3, four strong arms
a: Dig, Shaft Self, Renounce Religion, Divine Shield


You were on level 8 of the Dungeon.
You worshipped the Shining One.
The Shining One was aware of your devotion.
You visited 2 branches of the dungeon, and saw 9 of its levels.

You collected 470 gold pieces.

Inventory:

Hand Weapons
 E - a +3 scimitar of flaming (weapon)
Armour
 b - a +0 scale mail (worn)
 h - a +0 pair of boots (worn)
 o - a +3 buckler of poison resistance (worn)
Jewellery
 k - a +4 ring of slaying (left hand)
 l - a +6 ring of dexterity (right hand)
 q - a +6 ring of dexterity
 u - a ring of ice
 v - a +6 ring of dexterity
 w - an amulet of regeneration (around neck)
 z - a ring of resist corrosion
 A - a ring of protection from fire
 B - a ring of wizardry
Wands
 c - a wand of roots (9)
 D - a wand of flame (14)
Scrolls
 f - 2 scrolls of blinking
 j - a scroll of teleportation
 y - 2 scrolls of enchant armour
 C - a scroll of identify
Potions
 d - 3 potions of might
 e - a potion of haste
 g - 6 potions of curing
 i - a potion of cancellation {unknown}
 m - a potion of lignification
 n - 3 potions of heal wounds {unknown}
 p - 2 potions of flight
 r - 2 potions of mutation
 s - 2 potions of degeneration {unknown}
 t - 3 potions of brilliance {unknown}
 x - 3 potions of ambrosia {unknown}
 G - a potion of attraction {unknown}


   Skills:
 - Level 3.2 Fighting
 + Level 13.5 Long Blades
 - Level 3.2 Armour
 - Level 4.0 Shields


You had 9 spell levels left.
You didn't know any spells.
Your spell library contained the following spells:

 Spells                   Type           Power      Damage    Failure   Level
 Momentum Strike          Conj/Tloc      0%         3d8       86%         2
 Hailstorm                Conj/Ice       0%         3d3       98%         3
 Lesser Beckoning         Tloc           0%         N/A       98%         3
 Ice Form                 Ice/Tmut       0%         N/A       100%        4
 Conjure Ball Lightning   Conj/Air       0%         3x3d6     100%        6
 Simulacrum               Ice/Necr       0%         N/A       100%        6
 Discord                  Hex            0%         N/A       100%        8
 Disjunction              Tloc           0%         N/A       100%        8
 Blink                    Tloc           Unusable   N/A       N/A         2

Dungeon Overview and Level Annotations

Branches:
Dungeon (8/15)             Temple (1/1) D:4            Lair (0/5) D:8

Altars:
Ashenzari
Cheibriados
Dithmenos
Elyvilon
Fedhas
Gozag
Hepliaklqana
Kikubaaqudgha
Makhleb
Nemelex Xobeh
Okawaru
Qazlal
Ru
Sif Muna
Trog
Uskayaw
Vehumet
Wu Jian
Xom
Yredelemnul
Zin
The Shining One


Innate Abilities, Weirdness & Mutations

You cannot be hasted, slowed, berserked, paralysed or teleported.
You can dig through walls and to a lower floor.
You have a pair of large antennae on your head. (SInv)
Your four strong arms can wield two-handed weapons with a shield.


Message History

You start resting.
HP restored.
You sense a monster nearby.
You sense a monster nearby. 2 electric eels come into view.
The hound barks!
You hear a croak.
You hear a shout!
The electric eel shoots out a bolt of lightning at you!
The bolt of electricity hits you!
A bullfrog comes into view.
Found a staircase to the Lair.
The electric eel shoots out a bolt of lightning at you!
The bolt of electricity misses the electric eel.
The bolt of electricity hits you.
The electric eel shoots out a bolt of lightning at you!
The bolt of electricity hits you.
The electric eel shoots out a bolt of lightning at you!
The bolt of electricity hits you!
You slash the electric eel! You burn the electric eel.
The electric eel is severely wounded.
The electric eel shoots out a bolt of lightning at you!
The bolt of electricity hits the electric eel.
The electric eel completely resists.
The bolt of electricity hits you!
The electric eel shoots out a bolt of lightning at you!
The bolt of electricity hits you!
* * * LOW HITPOINT WARNING * * *
The electric eel shoots out a bolt of lightning at you!
The bolt of electricity hits you!
* * * LOW HITPOINT WARNING * * *
The electric eel shoots out a bolt of lightning at you!
The bolt of electricity hits the electric eel.
The electric eel completely resists.
The bolt of electricity hits you!
* * * LOW HITPOINT WARNING * * *
The electric eel shoots out a bolt of lightning at you!
The bolt of electricity misses you.
You feel better. You block the bullfrog's attack.
The electric eel shoots out a bolt of lightning at you!
The bolt of electricity hits you!
* * * LOW HITPOINT WARNING * * *
The bullfrog hits you.
You die...

.>..≈≈≈≈...#
...~~≈≈~...##.#
.≈~.~≈≈~....#.#
≈~≈~hS≈~.....>
≈≈≈≈≈≈~~~..?#
≈≈≈≈~...~..#
≈≈≈≈S.S..~.#
≈≈≈≈~.F....####
#######@.......
#.........#
#.#.#####.#
#.#.# #
#######.#.# ##.
#.. #.......#.#
.. #.#
#<#####.#.#
.... #.# #.#
#.##.#
#.#...##.#
#.#####.#.#
##.......#.#


You could see a bullfrog, a hound and 3 electric eels.

Vanquished Creatures
  Erica (D:8)
  The ghost of deadpool521 the Poker, a novice MiGl of Okawaru (D:5)
  A hornet (D:8)
  Sigmund (D:6)
  Duvessa (D:4)
  A sky beast (D:6)
  An ice beast (D:7)
  3 black bears
  An orc warrior (D:8)
  An ogre (D:4)
  A kobold brigand (D:7)
  A bullfrog (D:7)
  3 scorpions
  A gnoll sergeant (D:7)
  A necrophage (D:5)
  Dowan (D:4)
  2 hounds
  A jelly (D:5)
  2 orc priests
  3 iguanas (D:5)
  5 orc wizards
  7 gnolls
  10 adders
  3 white imps
  An ufetubus (D:6)
  A worm (D:2)
  4 dart slugs
  17 orcs
  6 ball pythons
  12 bats
  6 endoplasms
  4 giant cockroaches
  9 goblins
  4 hobgoblins
  5 quokkas
  3 frilled lizards
  12 kobolds
  3 rats
140 creatures vanquished.

Vanquished Creatures (others)
  A rat (D:2)
1 creature vanquished.

Grand Total: 141 creatures vanquished

Notes
Turn   | Place    | Note
-------+----------+-------------------------------------------
     0 | D:1      | Maxmaps the Formicid Fighter began the quest for the Orb.
     0 | D:1      | Reached XP level 1. HP: 18/18 MP: 1/1
   132 | D:1      | Reached XP level 2. HP: 24/24 MP: 2/2
   358 | D:1      | Reached skill level 3 in Long Blades
   758 | D:1      | Reached XP level 3. HP: 26/29 MP: 3/3
  1032 | D:2      | Reached skill level 4 in Long Blades
  1032 | D:2      | Reached XP level 4. HP: 26/35 MP: 4/4
  1733 | D:3      | Reached XP level 5. HP: 41/41 MP: 5/5
  1738 | D:3      | Reached skill level 5 in Long Blades
  2265 | D:4      | Found a staircase to the Ecumenical Temple.
  2347 | D:4      | Reached skill level 6 in Long Blades
  2347 | D:4      | Reached XP level 6. HP: 47/47 MP: 6/6
  2390 | Temple   | Entered the Ecumenical Temple
  2567 | Temple   | Became a worshipper of the Shining One
  2695 | D:4      | Noticed an ogre
  2701 | D:4      | Killed an ogre
  2788 | D:4      | Found a stormy altar of Qazlal.
  2888 | D:4      | Reached XP level 7. HP: 52/52 MP: 7/7
  2891 | D:4      | Found an ornate altar of the Wu Jian Council.
  2980 | D:4      | Found a shadowy altar of Dithmenos.
  2982 | D:4      | Noticed Duvessa
  2995 | D:4      | Killed Duvessa
  2996 | D:4      | Reached skill level 7 in Long Blades
  2996 | D:4      | Noticed Dowan
  3010 | D:4      | Killed Dowan
  3205 | D:5      | Entered Level 5 of the Dungeon
  3270 | D:5      | Reached skill level 8 in Long Blades
  3399 | D:5      | Reached XP level 8. HP: 47/58 MP: 8/8
  3507 | D:5      | Found a runed translucent door.
  3512 | D:5      | Noticed deadpool521's ghost (novice MiGl)
  3670 | D:5      | Reached skill level 9 in Long Blades
  3770 | D:5      | Killed deadpool521's ghost
  3771 | D:5      | Reached skill level 10 in Long Blades
  3806 | D:6      | Noticed Sigmund
  3811 | D:6      | Killed Sigmund
  3812 | D:6      | Reached XP level 9. HP: 56/64 MP: 9/9
  3854 | D:6      | Identified the +4 hand axe "Orb Guardian's Death" {pain,
                  | Fly Dex+4}
  3881 | D:6      | Reached skill level 11 in Long Blades
  3881 | D:6      | Reached * piety under the Shining One
  4608 | D:7      | Reached skill level 12 in Long Blades
  4683 | D:7      | Found a white marble altar of Elyvilon.
  5057 | D:7      | Found a blossoming altar of Fedhas.
  5232 | D:8      | Noticed a hornet
  5237 | D:8      | Killed a hornet
  5303 | D:8      | Noticed Erica
  5328 | D:8      | Killed Erica
  5329 | D:8      | Reached skill level 13 in Long Blades
  5329 | D:8      | Reached XP level 10. HP: 43/70 MP: 10/10
  5371 | D:8      | Found a staircase to the Lair.
  5373 | D:8      | HP: 1/70 [electric eel/bolt of electricity (11)]
  5374 | D:8      | Slain by a bullfrog

Illustrated notes

Levels and vault maps discovered:
D:1:      spicycebolla_green_bress_n_ham, layout_basic, grunt_decor_arrowhead,
          hangedman_feature_mirror, nrook_loot_triangle, hex_tiny
D:2:      layout_rooms
D:3:      layout_basic
D:4:      kennysheep_six_static_rooms, layout_gridville,
          mainiacjoe_overflow_tiny_flanked, grunt_temple_overflow_open,
          temple_hall, uniq_duvessa
D:5:      layout_cave_pools, hellmonk_ghost_happy_afterlife
D:6:      layout_loops_ring, uniq_sigmund
D:7:      layout_basic, marbit_many_paths, kennysheep_mini, abandoned_shop
D:8:      layout_loops_ring, erik_lair_island, uniq_erica
Temple:   minmay_crystal_spiral_temple

Skill      XL: |  1  2  3  4  5  6  7  8  9 |
---------------+----------------------------+-----
Long Blades    | 3 4 6 8 10 13 | 13.5
Fighting       | |  3.2
Armour         | |  3.2
Shields        | |  4.0

Action                   |  1- 3 |  4- 6 |  7- 9 | 10-12 || total
-------------------------+-------+-------+-------+-------++-------
Melee: Long sword        |    60 |   120 |   183 |    12 ||   375
       Scimitar          |       |       |       |     1 ||     1
 Abil: Dig               |       |       |     4 |       ||     4
  Use: Scroll            |       |       |    14 |       ||    14
       Potion            |       |       |       |     1 ||     1
Armor: Scale mail        |    35 |    58 |    59 |       ||   152
Dodge: Dodged            |    41 |    46 |    58 |     4 ||   149
Block: Buckler           |    20 |    39 |    75 |     3 ||   137

Table legend: (Time is in decaauts)
 A = Elapsed time spent in this place.
 B = Non-inter-level travel time spent in this place.
 C = Inter-level travel time spent in this place.
 D = Time resting spent in this place.
 E = Time spent auto-exploring this place.
 F = Levels seen in this place.
 G = Mean time per level.
                   A        B        C        D        E       F      G
               +--------+--------+--------+--------+--------+-----+--------+
         Total |   5391 |   5065 |    326 |    214 |   3879 |   9 |  599.0 |
       Dungeon |   5175 |   4937 |    238 |    214 |   3768 |   8 |  646.9 |
        Temple |    215 |    127 |     88 |      0 |    111 |   1 |  215.0 |
               +--------+--------+--------+--------+--------+-----+--------+

Top non-repeatable levels by time:
     D:1: 968 daAuts
     D:4: 831 daAuts
     D:7: 792 daAuts
     D:3: 642 daAuts
     D:6: 601 daAuts
     D:5: 600 daAuts
     D:2: 584 daAuts
  Temple: 215 daAuts
     D:8: 153 daAuts
